 Dungeon Crawl Stone Soup version 0.21.1-1-g345015f (webtiles) character file.

616 troglodite the Skirmisher (level 7, -3/55 HPs)
             Began as a Demonspawn Berserker on Feb 5, 2018.
             Was a Priest of Trog.
             Slain by an ice beast (10 damage)
             ... on level 4 of the Dungeon.
             The game lasted 00:11:14 (3993 turns).

troglodite the Skirmisher (Demonspawn Berserker)    Turns: 3993, Time: 00:11:15

Health: -3/55      AC:  7    Str: 18    XL:     7   Next: 21%
Magic:  7/7        EV: 19    Int:  8    God:    Trog [***...]
Gold:   178        SH:  0    Dex: 19    Spells: 6/6 levels left

rFire    . . .     SeeInvis .   u - +1 dagger (drain)
rCold    . . .     Gourm    .   (no shield)
rNeg     . . .     Faith    .   w - +0 troll leather armour {Purgy}
rPois    .         Spirit   .   s - +0 helmet (curse)
rElec    .         Reflect  .   (no cloak)
rCorr    .         Harm     .   p - +0 pair of gloves
MR       .....                  (no boots)
Stlth    +++.......             (no amulet)
HPRegen  0.58/turn              (no ring)
MPRegen  0.10/turn              (no ring)

@: agile, berserk cooldown, slowed, very slow
A: claws 2
a: Berserk, Trog's Hand, Burn Spellbooks, Renounce Religion


You were on level 4 of the Dungeon.
You worshipped Trog.
Trog was most pleased with you.
You were hungry.

You visited 1 branch of the dungeon, and saw 5 of its levels.
You also visited: Sewer.

You collected 178 gold pieces.

Inventory:

Hand Weapons
 a - a +0 falchion
 u - a +1 dagger of draining (weapon)
Armour
 p - a +0 pair of gloves (worn)
 s - a cursed +0 helmet (worn)
 w - a +0 troll leather armour (worn) {Purgy}
Wands
 v - a wand of disintegration (16)
Scrolls
 d - a scroll of magic mapping {unknown}
 e - 6 scrolls of teleportation {unknown}
 h - 3 scrolls of blinking {unknown}
 i - a scroll of noise {unknown}
 j - a scroll of immolation {unknown}
 n - 2 scrolls of remove curse {unknown}
 o - a scroll of identify {unknown}
 t - a scroll of enchant armour {unknown}
Potions
 b - a potion of agility
 f - a potion of berserk rage
 g - a potion of curing {unknown}
 k - a potion of resistance {unknown}
 m - a potion of ambrosia {unknown}
 q - a potion of haste {unknown}
 r - a potion of lignification {unknown}
 x - a potion of invisibility {unknown}
Comestibles
 c - 10 rations


   Skills:
 * Level 4.7 Fighting
 + Level 2.1(3.2) Short Blades
 + Level 3.6(4.0) Long Blades
 * Level 4.2 Armour
 * Level 3.5 Dodging
 + Level 0.9 Stealth


You had 6 spell levels left.
You didn't know any spells.

Dungeon Overview and Level Annotations

Branches:
Dungeon (5/15)
 Temple: D:4-7

Altars:
Ru


Innate Abilities, Weirdness & Mutations

You have very sharp fingernails.


Message History

You kill the orc!
Trog accepts your kill.
The ice beast hits you but does no damage.
The ice beast barely misses you.
Things that are here:
a ring mail; an orc corpse The ice beast hits you.
* * * LOW HITPOINT WARNING * * *
The ice beast freezes you!
* * * LOW HITPOINT WARNING * * *
It was a potion of agility.
You feel agile all of a sudden. The ice beast misses you.
You hit the ice beast but do no damage. The ice beast barely misses you.
You closely miss the ice beast. The ice beast closely misses you.
The ice beast barely misses you.
You completely miss the ice beast. The ice beast hits you.
* * * LOW HITPOINT WARNING * * *
The ice beast freezes you!
You die...

#...........##### ###.#####
#........##.....#####........
#......>.##..##........######
#........###.########.##
#........# #..# ##.#
##........####.## #..# ##
#..######..###..# #.## ##. #.##
#....##.# ##.# ##.. ####.#
#.##.@..####..# #... .....#
#.####Y......## #..> .....#
#.####[#..#### #... .....###
##.#....>..# #...
.......####..........## #...
.....#.......#........### ##..
.....####...........#...#### ##.
..<..###..##.#.####........######
######...###...# #######........


You could see an ice beast.

Vanquished Creatures
  The ghost of Alarkh the Slasher, an amateur GrMo (D:3)
  Purgy (Sewer)
  An orc priest (D:5)
  2 hounds
  An orc wizard (D:5)
  Terence (D:2)
  4 worker ants (D:4)
  A hound skeleton (D:4)
  5 adders
  An ooze (D:1)
  A dart slug (D:2)
  6 leopard geckos
  11 orcs
  10 bats
  3 giant cockroaches
  8 goblins
  3 hobgoblins
  15 jackals
  16 kobolds
  A ball python (D:1)
  3 frilled lizards
  A leopard gecko skeleton (D:4)
  8 rats
104 creatures vanquished.

Notes
Turn   | Place    | Note
-------+----------+-------------------------------------------
     0 | D:1      | troglodite the Demonspawn Berserker began the quest for the Orb.
     0 | D:1      | Reached XP level 1. HP: 18/18 MP: 1/1
    58 | D:1      | Gained mutation: You have sharp fingernails. [demonic ancestry]
    58 | D:1      | Reached XP level 2. HP: 12/24 MP: 2/2
   577 | D:1      | Gained mutation: You have very sharp fingernails. [demonic ancestry]
   577 | D:1      | Reached XP level 3. HP: 22/29 MP: 3/3
  1402 | D:2      | Noticed Terence
  1412 | D:2      | Killed Terence
  1416 | D:2      | Reached XP level 4. HP: 24/37 MP: 4/4
  1636 | D:2      | Reached ** piety under Trog
  2539 | D:3      | Found a sacrificial altar of Ru.
  2557 | D:3      | Found a glowing drain.
  2572 | Sewer    | Entered a sewer
  2658 | Sewer    | Noticed Purgy
  2665 | Sewer    | Killed Purgy
  2665 | Sewer    | Reached XP level 5. HP: 42/42 MP: 5/5
  2813 | D:3      | Noticed Alarkh's ghost (amateur GrMo)
  2823 | D:3      | Killed Alarkh's ghost
  2823 | D:3      | Reached *** piety under Trog
  2823 | D:3      | Reached skill level 1 in Short Blades
  2823 | D:3      | Reached XP level 6. HP: 49/49 MP: 6/6
  3541 | D:4      | Reached XP level 7. HP: 43/55 MP: 7/7
  3953 | D:5      | Entered Level 5 of the Dungeon
  3993 | D:4      | Slain by an ice beast

Skill      XL: |  1  2  3  4  5  6  7 |
---------------+----------------------+-----
Dodging        | 2 3 |  3.5
Armour         | 2 3 4 |  4.2
Long Blades    | 3 |  3.6
Fighting       | 4 |  4.7
Short Blades   | 1 2 |  2.1
Stealth        | |  0.9

Action                   |  1- 3 |  4- 6 |  7- 9 || total
-------------------------+-------+-------+-------++-------
Melee: Falchion          |    95 |    79 |       ||   174
       Dagger            |       |   155 |    44 ||   199
Invok: Berserk           |     3 |     4 |     1 ||     8
       Burn Spellbooks   |       |     1 |       ||     1
  Use: Potion            |       |       |     1 ||     1
 Stab: Sleeping          |     2 |       |       ||     2
  Eat: Chunk             |     4 |    11 |     2 ||    17
Armor: Animal skin       |    21 |       |       ||    21
       Ring mail         |    13 |    70 |       ||    83
       Troll leather arm |       |    29 |    15 ||    44
Dodge: Dodged            |    69 |   181 |    38 ||   288
       Rpst.: Falchion   |    23 |    19 |       ||    42
